% Time on Ice - KANSAS CITY KILLERBEES
Lines # - Real PCT - Wanted PCT - Time Play
Normal Forward
1 - 35% - 35% - 15:09
2 - 27% - 32% - 11:43
3 - 11% - 20% - 4:42
4 - 28% - 13% - 12:15
Normal Defense
1 - 27% - 36% - 11:58
2 - 40% - 31% - 17:31
3 - 31% - 23% - 13:29
4 - 2% - 10% - 0:51
PP Forward
1 - 58% - 55% - 4:06
2 - 42% - 45% - 2:55
PP Defense
1 - 67% - 55% - 4:40
2 - 33% - 45% - 2:21
PK Forward
1 - 60% - 55% - 4:58
2 - 40% - 45% - 3:17
PK Defense
1 - 44% - 55% - 3:40
2 - 56% - 45% - 4:35
PK3 Forward
1 - 0% - 55%
2 - 0% - 45%
PK3 Defense
1 - 0% - 55%
2 - 0% - 45%
44 Forward
1 - 78% - 55% - 0:43
2 - 22% - 45% - 0:12
44 Defense
1 - 78% - 55% - 0:43
2 - 22% - 45% - 0:12
Last Minute Offensive  - 0:00
Last Minute Defensive  - 0:00
Total
Forward - 60:00
Defense - 60:00
% Time on Ice - KELOWNA ROCKETS
Lines # - Real PCT - Wanted PCT - Time Play
Normal Forward
1 - 34% - 37% - 14:49
2 - 33% - 37% - 14:28
3 - 19% - 26% - 8:21
4 - 14% - 0% - 6:11
Normal Defense
1 - 35% - 35% - 15:20
2 - 35% - 34% - 15:12
3 - 30% - 31% - 13:17
4 - 0% - 0% - 0:00
PP Forward
1 - 57% - 65% - 4:43
2 - 43% - 35% - 3:32
PP Defense
1 - 52% - 65% - 4:15
2 - 48% - 35% - 4:00
PK Forward
1 - 64% - 55% - 4:31
2 - 36% - 45% - 2:30
PK Defense
1 - 58% - 55% - 4:06
2 - 42% - 45% - 2:55
PK3 Forward
1 - 0% - 55%
2 - 0% - 45%
PK3 Defense
1 - 0% - 55%
2 - 0% - 45%
44 Forward
1 - 78% - 55% - 0:43
2 - 22% - 45% - 0:12
44 Defense
1 - 78% - 55% - 0:43
2 - 22% - 45% - 0:12
Last Minute Offensive  - 0:00
Last Minute Defensive  - 0:00
Total
Forward - 60:00
Defense - 60:00
Play-by-Play 1st period 0:01 of 1st period - Sean Couturier wins face-off versus Evgeny Kuznetsov in neutral zone. 0:12 of 1st period - Shot by Sean Couturier. 0:12 of 1st period - Shot Misses the Net. 0:31 of 1st period - Shot by Sean Couturier. 0:31 of 1st period - Stopped by Marcus Hogberg without a rebound. 0:32 of 1st period - Auston Matthews wins face-off versus Zach Parise in KELOWNA ROCKETS zone. 0:37 of 1st period - Shot by Kristopher Letang. 0:37 of 1st period - Stopped by Mikhail Berdin without a rebound. 0:38 of 1st period - Riley Sheahan wins face-off versus Anthony Cirelli in KANSAS CITY KILLERBEES zone. 0:53 of 1st period - Shot by Riley Sheahan. 0:53 of 1st period - Stopped by Marcus Hogberg with a rebound. 1:06 of 1st period - Shot by Josh Archibald. 1:06 of 1st period - Stopped by Marcus Hogberg with a rebound. 1:09 of 1st period - Minor Penalty to Josh Archibald for Hooking. 1:10 of 1st period - Evgeny Kuznetsov wins face-off versus Trevor Moore in KANSAS CITY KILLERBEES zone. 1:43 of 1st period - Shot by Tyler Bertuzzi. 1:43 of 1st period - Shot Blocked by Justin Holl. 2:13 of 1st period - Shot by Nick Schmaltz. 2:13 of 1st period - Stopped by Marcus Hogberg without a rebound. 2:13 of 1st period - Minor Penalty to Marcus Hogberg for Slashing. 2:14 of 1st period - Sean Couturier wins face-off versus Auston Matthews in KELOWNA ROCKETS zone. 2:33 of 1st period - Shot by Sean Couturier. 2:33 of 1st period - Shot Blocked by Jordan Eberle. 2:56 of 1st period - Shot by Jordan Eberle. 2:56 of 1st period - Stopped by Mikhail Berdin without a rebound. 2:57 of 1st period - Nick Schmaltz wins face-off versus Anthony Cirelli in KANSAS CITY KILLERBEES zone. 4:27 of 1st period - Minor Penalty to Alexander Ovechkin for Tripping. 4:28 of 1st period - Auston Matthews wins face-off versus Sean Couturier in KELOWNA ROCKETS zone. 5:17 of 1st period - Icing by Zach Parise. 5:18 of 1st period - Trevor Moore wins face-off versus Auston Matthews in KANSAS CITY KILLERBEES zone. 5:22 of 1st period - Zach Hyman is hit by Auston Matthews and loses puck. 5:46 of 1st period - Shot by Zach Parise. 5:46 of 1st period - Stopped by Marcus Hogberg without a rebound. 5:47 of 1st period - Sean Couturier wins face-off versus Anthony Cirelli in KELOWNA ROCKETS zone. 6:31 of 1st period - Jakub Zboril is hit by Alexander Ovechkin and loses puck. 6:58 of 1st period - Icing by Dmitri Orlov. 6:59 of 1st period - Evgeny Kuznetsov wins face-off versus Trevor Moore in KELOWNA ROCKETS zone. 7:04 of 1st period - Shot by Ryan Dzingel. 7:04 of 1st period - Shot Blocked by Niklas Hjalmarsson. 7:58 of 1st period - Shot by Sean Couturier. 7:58 of 1st period - Shot Misses the Net. 8:00 of 1st period - Shot by Sean Couturier. 8:00 of 1st period - Shot Misses the Net. 8:08 of 1st period - Shot by Mark Stone. 8:08 of 1st period - Stopped by Marcus Hogberg with a rebound. 9:01 of 1st period - Shot by Zach Parise. 9:01 of 1st period - Shot Blocked by Kristopher Letang. 9:03 of 1st period - Shot by Zach Parise. 9:03 of 1st period - Stopped by Marcus Hogberg without a rebound. 9:04 of 1st period - Anthony Cirelli wins face-off versus Trevor Moore in KELOWNA ROCKETS zone. 9:04 of 1st period - Anthony Cirelli is hit by Nicholas Ritchie. 9:09 of 1st period - Off-side. 9:10 of 1st period - Nicholas Ritchie wins face-off versus Anthony Cirelli in neutral zone. 10:05 of 1st period - Icing by Mike Reilly. 10:06 of 1st period - Evgeny Kuznetsov wins face-off versus Trevor Moore in KANSAS CITY KILLERBEES zone. 10:22 of 1st period - Shot by Alexander Ovechkin. 10:22 of 1st period - Goal by Alexander Ovechkin - KANSAS CITY KILLERBEES : 0 - KELOWNA ROCKETS : 1. 10:23 of 1st period - Sean Couturier wins face-off versus Noah Gregor in neutral zone. 10:28 of 1st period - Shot by Mark Stone. 10:28 of 1st period - Stopped by Marcus Hogberg with a rebound. 10:31 of 1st period - Icing by Dmitri Orlov. 10:32 of 1st period - Sean Couturier wins face-off versus Noah Gregor in KELOWNA ROCKETS zone. 10:45 of 1st period - Shot by Sean Couturier. 10:45 of 1st period - Stopped by Marcus Hogberg with a rebound. 10:57 of 1st period - Shot by Dmitri Orlov. 10:57 of 1st period - Stopped by Mikhail Berdin with a rebound. 11:37 of 1st period - Shot by Auston Matthews. 11:37 of 1st period - Stopped by Mikhail Berdin without a rebound. 11:38 of 1st period - Evgeny Kuznetsov wins face-off versus Tyler Ennis in KANSAS CITY KILLERBEES zone. 12:05 of 1st period - Shot by Zach Hyman. 12:05 of 1st period - Stopped by Marcus Hogberg with a rebound. 12:07 of 1st period - Shot by Jakub Zboril. 12:07 of 1st period - Stopped by Marcus Hogberg without a rebound. 12:08 of 1st period - Auston Matthews wins face-off versus Trevor Moore in KELOWNA ROCKETS zone. 12:27 of 1st period - Shot by Jordan Eberle. 12:27 of 1st period - Shot Blocked by Justin Holl. 12:43 of 1st period - Shot by Auston Matthews. 12:43 of 1st period - Stopped by Mikhail Berdin with a rebound. 12:45 of 1st period - Shot by Auston Matthews. 12:45 of 1st period - Stopped by Mikhail Berdin without a rebound. 12:46 of 1st period - Evgeny Kuznetsov wins face-off versus Tyler Ennis in KANSAS CITY KILLERBEES zone. 12:46 of 1st period - Tyler Bertuzzi is hit by Jakub Zboril and loses puck. 13:25 of 1st period - Shot by Zach Parise. 13:25 of 1st period - Stopped by Marcus Hogberg without a rebound. 13:26 of 1st period - Auston Matthews wins face-off versus Sean Couturier in KELOWNA ROCKETS zone. 13:26 of 1st period - Auston Matthews is hit by Nick Schmaltz. 13:58 of 1st period - Icing by Auston Matthews. 13:59 of 1st period - Auston Matthews wins face-off versus Nicholas Ritchie in KELOWNA ROCKETS zone. 13:59 of 1st period - Auston Matthews is hit by Nicholas Ritchie. 14:11 of 1st period - Shot by Pavel Buchnevich. 14:11 of 1st period - Stopped by Mikhail Berdin without a rebound. 14:12 of 1st period - Tyler Ennis wins face-off versus Anthony Cirelli in KANSAS CITY KILLERBEES zone. 14:17 of 1st period - Shot by Zach Hyman. 14:17 of 1st period - Shot Blocked by Jonas Siegenthaler. 14:26 of 1st period - Vladimir Tarasenko is hit by Jakub Zboril and loses puck. 14:28 of 1st period - Minor Penalty to Jakub Zboril for Tripping. 14:29 of 1st period - Evgeny Kuznetsov wins face-off versus Trevor Moore in KANSAS CITY KILLERBEES zone. 14:34 of 1st period - Shot by Pavel Buchnevich. 14:34 of 1st period - Shot Misses the Net. 14:36 of 1st period - Shot by Alexander Ovechkin. 14:36 of 1st period - Stopped by Mikhail Berdin without a rebound. 14:37 of 1st period - Evgeny Kuznetsov wins face-off versus Trevor Moore in KANSAS CITY KILLERBEES zone. 14:38 of 1st period - Shot by Kristopher Letang. 14:38 of 1st period - Deflect By Evgeny Kuznetsov. 14:38 of 1st period - Stopped by Mikhail Berdin with a rebound. 15:24 of 1st period - Dmitri Orlov is hit by Josh Archibald. 16:00 of 1st period - Shot by Adam Fox. 16:00 of 1st period - Stopped by Mikhail Berdin with a rebound. 16:02 of 1st period - Shot by Anthony Cirelli. 16:02 of 1st period - Shot Misses the Net. 16:04 of 1st period - Shot by Anthony Cirelli. 16:04 of 1st period - Shot Blocked by Adam Larsson. 16:10 of 1st period - Shot by Alexander Ovechkin. 16:10 of 1st period - Stopped by Mikhail Berdin without a rebound. 16:11 of 1st period - Evgeny Kuznetsov wins face-off versus Sean Couturier in KANSAS CITY KILLERBEES zone. 16:45 of 1st period - Shot by Zach Parise. 16:45 of 1st period - Shot Hit the Post. 16:47 of 1st period - Shot by Zach Hyman. 16:47 of 1st period - Stopped by Marcus Hogberg with a rebound. 16:49 of 1st period - Shot by Jakub Zboril. 16:49 of 1st period - Shot Misses the Net. 17:03 of 1st period - Shot by Zach Hyman. 17:03 of 1st period - Shot Misses the Net. 17:30 of 1st period - Shot by Mark Stone. 17:30 of 1st period - Stopped by Marcus Hogberg without a rebound. 17:31 of 1st period - Evgeny Kuznetsov wins face-off versus Trevor Moore in KELOWNA ROCKETS zone. 17:44 of 1st period - Kristopher Letang is hit by Nicholas Ritchie and loses puck. 17:58 of 1st period - Nicholas Ritchie is hit by Jonas Siegenthaler and loses puck. 19:21 of 1st period - Jordan Eberle is hit by Josh Archibald and loses puck. 19:40 of 1st period - Shot by Auston Matthews. 19:40 of 1st period - Stopped by Mikhail Berdin without a rebound. 19:41 of 1st period - Anthony Cirelli wins face-off versus Trevor Moore in KANSAS CITY KILLERBEES zone. 19:58 of 1st period - Icing by Adam Fox. 19:59 of 1st period - Sean Couturier wins face-off versus Anthony Cirelli in KELOWNA ROCKETS zone. Goals for this period are 0 for KANSAS CITY KILLERBEES vs 1 for KELOWNA ROCKETS. Shots for this period are 14 for KANSAS CITY KILLERBEES vs 13 for KELOWNA ROCKETS. 2nd period 0:01 of 2nd period - Auston Matthews wins face-off versus Sean Couturier in neutral zone. 1:20 of 2nd period - Shot by Vladimir Tarasenko. 1:20 of 2nd period - Goal by Vladimir Tarasenko - KANSAS CITY KILLERBEES : 0 - KELOWNA ROCKETS : 2. 1:21 of 2nd period - Tyler Ennis wins face-off versus Evgeny Kuznetsov in neutral zone. 1:36 of 2nd period - Alexander Ovechkin is hit by Justin Holl and loses puck. 1:40 of 2nd period - Icing by Justin Holl. 1:41 of 2nd period - Zach Hyman wins face-off versus Noah Gregor